 Dungeon Crawl Stone Soup version 0.27.1-33-g824d729ab1 (webtiles) character file.

Game seed: 4057008728822357883

2203 pkoi the Martial Artist (level 9, -13/70 HPs)
             Began as a Green Draconian Monk on Dec 20, 2021.
             Was a Believer of Dithmenos.
             Mangled by Harold (17 damage)
             ... on level 7 of the Dungeon.
             The game lasted 00:12:50 (8501 turns).

pkoi the Martial Artist (Green Draconian Monk)      Turns: 8501, Time: 00:12:51

Health: -13/70     AC:  9    Str: 13    XL:     9   Next: 12%
Magic:  12/12      EV: 12    Int: 14    God:    Dithmenos [**....]
Gold:   265        SH:  0    Dex: 14    Spells: 5/12 levels left

rFire    . . .     SeeInvis .     - Unarmed
rCold    . . .     Faith    .   (no shield)
rNeg     . . .     Spirit   .   (armour unavailable)
rPois    +         Reflect  .   (helmet restricted)
rElec    .         Harm     .   d - +1 cloak
rCorr    .         Rampage  .   (no gloves)
Will     +....                  (no boots)
Stlth    ++........             (no amulet)
HPRegen  0.21/turn              x - ring of willpower
MPRegen  0.13/turn              (no ring)

@: short of breath, wreathed by umbra
A: breathe noxious fumes, AC +7, unfitting armour, poison resistance,
cold-blooded
a: Breathe Noxious Fumes, Renounce Religion, Shadow Step


You were on level 7 of the Dungeon.
You worshipped Dithmenos.
Dithmenos was pleased with you.
You visited 2 branches of the dungeon, and saw 10 of its levels.
You also visited: Sewer and Ossuary.

You collected 265 gold pieces.

Inventory:

Hand Weapons
 b - a +4 hunting sling of freezing
 e - a +2 dagger of draining
 A - a +3 dagger of electrocution
Missiles
 f - 15 stones (quivered)
 n - 26 poisoned darts
 w - 2 throwing nets
Armour
 d - a +1 cloak (worn)
Jewellery
 x - a ring of willpower (left hand)
Wands
 j - a wand of flame (32)
 z - a wand of iceblast (5)
 B - a wand of mindburst (18)
Scrolls
 i - 7 scrolls of identify
 k - a scroll of enchant armour
 v - 2 scrolls of teleportation
 y - a scroll of amnesia
Potions
 a - 3 potions of curing
 c - a potion of lignification {unknown}
 g - 2 potions of degeneration {unknown}
 h - a potion of flight {unknown}
 l - a potion of resistance {unknown}
 m - a potion of cancellation
 o - 2 potions of might {unknown}
 p - a potion of attraction {unknown}
 q - 6 potions of heal wounds {unknown}
 r - 2 potions of invisibility {unknown}
 s - a potion of ambrosia {unknown}
 t - a potion of magic {unknown}
 u - 2 potions of brilliance {unknown}


   Skills:
 - Level 3.2 Fighting
 - Level 2.6 Dodging
 + Level 2.1 Stealth
 + Level 9.1 Unarmed Combat
 - Level 2.2 Spellcasting
 + Level 6.9 Summonings
 - Level 1.8 Translocations
 - Level 1.8 Air Magic
 - Level 2.1 Poison Magic


You had 5 spell levels left.
You knew the following spells:

 Your Spells              Type           Power      Damage    Failure   Level
a - Summon Small Mammal   Summ           84%        N/A       1%          1
b - Call Canine Familiar  Summ           21%        N/A       4%          3
c - Apportation           Tloc           12%        N/A       11%         1
d - Poisonous Vapours     Pois/Air       14%        N/A       16%         2

Your spell library contained the following spells:

 Spells                   Type           Power      Damage    Failure   Level
 Summon Guardian Golem    Hex/Summ       11%        N/A       17%         3
 Animate Skeleton         Necr           2%         N/A       24%         1
 Corona                   Hex            1%         N/A       24%         1
 Corpse Rot               Necr/Air       N/A        N/A       24%         2
 Static Discharge         Conj/Air       4%         N/A       24%         2
 Gell's Gravitas          Tloc           3%         N/A       32%         3
 Teleport Other           Tloc           6%         N/A       32%         3
 Dazzling Flash           Conj/Hex       2%         N/A       56%         3
 Freezing Cloud           Conj/Ice/Air   1%         6-21      99%         5
 Lightning Bolt           Conj/Air       2%         1d13      99%         5
 Silence                  Hex/Air        2%         N/A       99%         5
 Agony                    Necr           1%         N/A       100%        5
 Dispersal                Tloc           3%         N/A       100%        6
 Maxwell's Capacitive Co  Air            3%         ∞         100%        8


Dungeon Overview and Level Annotations

Branches:
Dungeon (9/15)             Temple (1/1) D:6           Sewer (visited)
Ossuary (visited)
   Lair: D:8-11         Orc: D:9-12

Altars:
Ashenzari
Cheibriados
Dithmenos
Hepliaklqana
Makhleb
Ru
Sif Muna
Trog
Vehumet
Wu Jian
Xom
Yredelemnul
Zin

Shops:
D:1 *

Annotations:
D:4 Robin
D:7 Harold


Innate Abilities, Weirdness & Mutations

You can breathe blasts of noxious fumes.
Your lurid green scales are hard. (AC +7)
You cannot fit into any form of body armour.
Your system is resistant to poisons. (rPois)
You are cold-blooded and may be slowed by cold attacks.


Message History

Harold is engulfed in noxious fumes.
Harold completely misses you.
You strike the helpless Harold from behind!
You punch Harold!
Harold is moderately wounded.
Harold is engulfed in noxious fumes.
Harold appears confused.
Harold hits you with a +0 mace!!
* * * LOW HITPOINT WARNING * * *
You hit Harold.
Harold is moderately wounded.
You punch Harold!
Harold is moderately wounded.
You strike the helpless Harold from behind!
You hit Harold but do no damage. You tail-slap Harold, but do no damage.
You punch Harold!
Harold is heavily wounded.
Harold hits you with a +0 mace.
* * * LOW HITPOINT WARNING * * *
You strike the helpless Harold from behind!
You punch Harold!
Harold is severely wounded.
Harold hits you with a +0 mace!
* * * LOW HITPOINT WARNING * * *
You hit Harold but do no damage.
Harold is severely wounded.
Harold hits you with a +0 mace!
* * * LOW HITPOINT WARNING * * *
You punch Harold!
Harold is severely wounded.
Harold closely misses you.
You completely miss Harold.
Harold is severely wounded.
Unknown command.
You catch the helpless Harold completely off-guard!
You punch Harold!
Harold is almost dead.
You strike the helpless Harold from behind!
You punch Harold!
Harold is almost dead.
Harold hits you with a +0 mace!
You die...

###########
........@(#
#########@#
#)# #.#
#†######
#÷#....# #.##
#÷#....#
#....##.#....#
.#..
#...........#
#.#..


You could see Harold (confused).

Vanquished Creatures
  Joseph (D:7)
  Menkaure (Ossuary)
  An orc warrior (D:8)
  2 necrophages
  2 centaurs
  2 kobold brigands (Sewer)
  3 killer bees (D:7)
  A wight (D:8)
  3 howler monkeys (D:7)
  A centaur zombie (D:7)
  2 hounds (D:5)
  An orc priest (D:8)
  2 centaur skeletons (D:6)
  Natasha (thrice) (D:2)
  4 mummies
  5 river rats (Sewer)
  4 adders
  2 white imps
  3 worms
  2 dart slugs
  5 orcs
  15 ball pythons
  7 bats
  7 endoplasms
  4 giant cockroaches (D:1)
  5 gnoll zombies (Ossuary)
  6 goblins
  4 hobgoblins
  26 kobolds
  2 quokkas
  4 frilled lizards
  3 gnoll skeletons (Ossuary)
  A goblin skeleton (Ossuary)
  6 goblin zombies (Ossuary)
  4 hobgoblin skeletons (Ossuary)
  3 hobgoblin zombies (Ossuary)
  7 kobold skeletons (Ossuary)
  4 kobold zombies (Ossuary)
  7 orc skeletons (Ossuary)
  6 orc zombies (Ossuary)
  24 rats
  3 rat skeletons (Ossuary)
  A rat zombie (Ossuary)
199 creatures vanquished.

Vanquished Creatures (collateral kills)
  Maggie (D:6)
  An orc wizard (D:6)
  An adder (D:6)
  An orc (D:6)
4 creatures vanquished.

Vanquished Creatures (others)
  Maurice (D:8)
1 creature vanquished.

Grand Total: 204 creatures vanquished

Notes
Turn   | Place    | Note
-------+----------+-------------------------------------------
     0 | D:1      | pkoi the Draconian Monk began the quest for the Orb.
     0 | D:1      | Reached XP level 1. HP: 19/19 MP: 1/1
    42 | D:1      | Found a faded altar of an unknown god.
    78 | D:1      | You fall into a shaft and drop 1 floor!
   270 | D:2      | Reached XP level 2. HP: 25/26 MP: 2/2
   607 | D:2      | Learned a level 1 spell: Summon Small Mammal
   784 | D:2      | Found a burning altar of Makhleb.
   801 | D:2      | Noticed Natasha
   812 | D:2      | Noticed a crimson imp
   813 | D:2      | Noticed a crimson imp
   813 | D:2      | Killed Natasha
   814 | D:2      | Reached skill level 4 in Unarmed Combat
   814 | D:2      | Reached XP level 3. HP: 10/31 MP: 3/3
  1278 | D:2      | Noticed Natasha
  1282 | D:2      | Killed Natasha
  1283 | D:2      | Reached XP level 4. HP: 38/38 MP: 4/4
  1482 | D:2      | Noticed Natasha
  1493 | D:2      | Killed Natasha
  1494 | D:2      | Reached skill level 5 in Unarmed Combat
  2220 | D:1      | Found Zycrij Wacs's General Store.
  2822 | D:3      | Reached XP level 5. HP: 41/45 MP: 5/5
  2858 | D:3      | Found a glowing drain.
  2886 | Sewer    | Entered a sewer
  3090 | Sewer    | Reached skill level 6 in Unarmed Combat
  3090 | Sewer    | Reached skill level 1 in Spellcasting
  3090 | Sewer    | Reached skill level 1 in Summonings
  3254 | Sewer    | Reached XP level 6. HP: 21/51 MP: 8/8
  3531 | Sewer    | Learned a level 3 spell: Call Canine Familiar
  4165 | D:3      | Noticed an orc warrior
  4662 | D:3      | Found a snail-covered altar of Cheibriados.
  4909 | D:4      | Found a sand-covered staircase.
  4915 | Ossuary  | Entered an ossuary
  5374 | Ossuary  | Noticed Menkaure
  5387 | Ossuary  | Killed Menkaure
  5388 | Ossuary  | Your scales start taking on a lurid green colour.
  5388 | Ossuary  | Reached XP level 7. HP: 49/57 MP: 7/10
  5388 | Ossuary  | Gained mutation: Your system is resistant to poisons.
                  | (rPois) [Green Draconian growth]
  5637 | D:4      | You fall into a shaft and drop 2 floors!
  5647 | D:6      | Reached skill level 7 in Unarmed Combat
  5760 | D:5      | Entered Level 5 of the Dungeon
  5975 | D:4      | Noticed Robin
  6044 | D:4      | You fall into a shaft and drop 2 floors!
  6081 | D:6      | Noticed Maggie
  6098 | D:6      | Killed Maggie
  6099 | D:6      | Reached skill level 5 in Summonings
  6099 | D:6      | Reached XP level 8. HP: 29/63 MP: 8/11
  6102 | D:6      | Reached skill level 8 in Unarmed Combat
  6373 | D:6      | Identified the +0 buckler "Relo" {Harm rC+ Int+7}
  6510 | D:6      | Found a staircase to the Ecumenical Temple.
  6528 | Temple   | Entered the Ecumenical Temple
  6648 | Temple   | Became a worshipper of Dithmenos the Shadowed
  6648 | Temple   | Reached * piety under Dithmenos
  6648 | Temple   | Reached ** piety under Dithmenos
  6869 | D:6      | Found a glowing silver altar of Zin.
  6915 | D:6      | Learned a level 1 spell: Apportation
  6918 | D:6      | Learned a level 2 spell: Poisonous Vapours
  6996 | D:6      | You fall into a shaft and drop 3 floors!
  7014 | D:8      | Found a broken altar of Ashenzari.
  7026 | D:8      | Reached skill level 1 in Poison Magic
  7423 | D:8      | Noticed Maurice
  7449 | D:8      | Killed Maurice
  7450 | D:8      | Reached skill level 1 in Translocations
  7450 | D:8      | Reached skill level 1 in Air Magic
  8160 | D:7      | Noticed Joseph
  8186 | D:7      | Killed Joseph
  8187 | D:7      | Reached skill level 9 in Unarmed Combat
  8187 | D:7      | Reached XP level 9. HP: 44/70 MP: 12/12
  8412 | D:7      | Noticed Harold
  8497 | D:7      | HP: 3/70 [Harold (14)]
  8501 | D:7      | Mangled by Harold

Illustrated notes

Levels and vault maps discovered:
D:1:      mrwooster_arrival_statue, layout_basic, serial_shops,
          nicolae_diamond_shop, basic_ecumenical_altar, minmay_pentomino_w4
D:2:      layout_basic, basic_altar, chequers_serial_rivers_micro_c,
          chequers_avenue, uniq_natasha
D:3:      layout_rooms, slow_altar_2, cheibrodos_sewer_entry_sluice
D:4:      layout_gridville, nicolae_ossuary_entry_false_entrances, uniq_robin
D:5:      layout_gridville, nicolae_tso_carved_into_rock, general_overflow_altar
D:6:      layout_loops_corners, mainiacjoe_overflow_alcove_1, kennysheep_mini,
          minmay_temple_entry_statues_pillars, minmay_misc_feat_tiny,
          uniq_maggie
D:7:      layout_basic, mainiacjoe_overflow_paths,
          mainiacjoe_overflow_cross_hatched,
          mainiacjoe_overflow_concentric_impassable, jmf_multi_god_temple,
          serial_shops, shop, uniq_joseph, uniq_harold
D:8:      minmay_statue_hallways, layout_loops_ring,
          mainiacjoe_overflow_small_starburst, doesnt_shop_hydraphobe,
          uniq_maurice
D:9:      layout_long_grid, zombieorc1_lemuel
Temple:   kb_temple_of_zot

Skill      XL: |  1  2  3  4  5  6  7  8  9 |
---------------+----------------------------+-----
Unarmed Combat | 4 5 6 7 9 |  9.1
Spellcasting   | 1 2 |  2.2
Summonings     | 1 3 5 6 |  6.9
Poison Magic   | 2 |  2.1
Translocations | 1 |  1.8
Air Magic      | 1 |  1.8
Stealth        | 2 |  2.1
Fighting       | |  3.2
Dodging        | |  2.6

Action                   |  1- 3 |  4- 6 |  7- 9 || total
-------------------------+-------+-------+-------++-------
Melee: Dagger            |    11 |       |       ||    11
       Unarmed           |    44 |   298 |   148 ||   490
       Tailslap          |     7 |    35 |    25 ||    67
       Punch             |     2 |     6 |     3 ||    11
 Fire: Hunting sling     |     4 |   144 |    46 ||   194
Throw: Stone             |       |     2 |     1 ||     3
 Cast: Call Canine Famil |       |     1 |       ||     1
       Summon Small Mamm |       |       |     4 ||     4
 Abil: Breathe Noxious F |       |       |     4 ||     4
Evoke: Wand              |       |     3 |       ||     3
  Use: Scroll            |       |     9 |     5 ||    14
       Potion            |       |       |     1 ||     1
 Stab: Sleeping          |     2 |     2 |       ||     4
       Confused          |       |       |    10 ||    10
Armor: Skin              |    12 |    78 |    54 ||   144
Dodge: Dodged            |    23 |   162 |    91 ||   276
